 Dungeon Crawl Stone Soup version 0.18.1-48-g4cf74bf (webtiles) character file.

0 glosham the Skirmisher (level 1, -18/16 HPs)
             Began as a High Elf Abyssal Knight on Sept 13, 2016.
             Was a Follower of Lugonu.
             Demolished by a tentacled starspawn (33 damage)
             ... on level 1 of the Abyss.
             The game lasted 00:02:17 (167 turns).

glosham the Skirmisher (High Elf Abyssal Knight)     Turns: 167, Time: 00:02:18

Health: -18/16     AC:  2    Str: 11    XL:     1   Next: 0%
Magic:  3/3        EV: 12    Int: 15    God:    Lugonu [*.....]
Gold:   18         SH:  0    Dex: 14    Spells: 0 memorised, 0 levels left

rFire  . . .     SeeInvis .     a - +1 falchion
rCold  . . .     Gourm    .     d - +0 robe
rNeg   . . .     Faith    .     (no shield)
rPois  .         Spirit   .     (no helmet)
rElec  .         Dismiss  .     (no cloak)
rCorr  .         Reflect  .     (no gloves)
SustAt .         Harm     .     (no boots)
MR     .....                    (no amulet)
Stlth  +.........               (no ring)
                                (no ring)

@: not resistant to hostile enchantments, very unstealthy
A: no striking features
a: Depart the Abyss, Renounce Religion


You were on level 1 of the Abyss.
You worshipped Lugonu.
Lugonu was aware of your devotion.
You were not hungry.

You visited 0 branches of the dungeon, and saw 0 of its levels.
You visited the Abyss 1 time.

You collected 18 gold pieces.

Inventory:

Hand Weapons
 a - a +1 falchion (weapon)
Armour
 b - a +0 leather armour
 d - a +0 robe (worn)
Potions
 e - a potion of lignification
Comestibles
 c - 3 bread rations


   Skills:
 - Level 3.0 Fighting
 - Level 2.4 Long Blades
 - Level 0.8 Armour
 - Level 2.1 Dodging
 + Level 0.0 Stealth
 - Level 2.0 Invocations


You couldn't memorise any spells.
You didn't know any spells.

Dungeon Overview and Level Annotations

Branches:
Dungeon (0/15)

Altars:


Message History

Wear which item? (? for menu, Esc to quit)
You are suddenly pulled into a different region of the Abyss!
You finish taking off your +0 leather armour.
You finish putting on your +0 robe.
Found a bubbling orange potion.
Found 12 gold pieces.
You see here a bubbling orange potion.
e - a bubbling orange potion
Found a ring mail.
You see here 12 gold pieces.
You now have 18 gold pieces (gained 12).
A spiny frog skeleton comes into view.
Found a scroll labeled DUSEIC OSIWISE and a bread ration.
You see here a scroll labeled DUSEIC OSIWISE.
f - a scroll labeled DUSEIC OSIWISE You see here a bread ration.
c - 3 bread rations (gained 1) Read which item? (? for menu, Esc to quit)
As you read the scroll labeled DUSEIC OSIWISE, it crumbles to dust.
It is a scroll of identify.
Identify which item? (\ to view known items) (? for menu, Esc to quit)
e - a potion of lignification Wield which item (- for none, * to show all)? (? for menu, Esc to quit)
Okay, then.
Found a scroll labeled IRUETY PILUOPH.
You see here a scroll labeled IRUETY PILUOPH.
f - a scroll labeled IRUETY PILUOPH Read which item? (? for menu, Esc to quit)
As you read the scroll labeled IRUETY PILUOPH, it crumbles to dust.
You hear a loud clanging noise!
It was a scroll of noise.
A tentacled starspawn comes into view.
Tentacles burst from the starspawn's body! 2 starspawn tentacles come into view.
The starspawn tentacle barely misses you.
The starspawn tentacle grabs you. The starspawn tentacle constricts you.
You escape the starspawn tentacle's grasp.
The tentacled starspawn bites you!!
Ouch! That really hurt!
You die...

#. . # #.
.##### ##
.##.#.#. ##..
.. .# ... #
..X . . #.# #
. #. #.>#.###
.## #.# ## ..
. ##.# #X## #
.###.## # ##@#
... # ######
#..# ##..#..#
#
##.####..##.##
#.#.##. ####
#..##..#
#.#...##
######.# ###


You could see a tentacled starspawn.

Vanquished Creatures (others)
  2 starspawn tentacles (Abyss:1)
  54 starspawn tentacle segments (Abyss:1)
56 creatures vanquished.

Notes
Turn   | Place    | Note
--------------------------------------------------------------
     0 | Abyss:1  | glosham the High Elf Abyssal Knight began the quest for the Orb.
     0 | Abyss:1  | Reached XP level 1. HP: 16/16 MP: 3/3
    81 | Abyss:1  | Noticed a spiny frog skeleton
   145 | Abyss:1  | Noticed a tentacled starspawn
   167 | Abyss:1  | Demolished by a tentacled starspawn

Action                   || total
-------------------------++-------
  Use: Scroll            ||     3
Dodge: Dodged            ||     1

Table legend:
 A = Turns spent in this place as a percentage of turns spent in the entire game.
 B = Non-inter-level travel turns spent in this place as a percentage of non-inter-level travel turns spent in the entire game.
 C = Inter-level travel turns spent in this place as a percentage of turns spent in this place.
 D = Turns resting spent in this place as a percentage of non-inter-level travel turns spent in this place.
 E = Turns spent auto-exploring this place as a percentage of non-inter-level travel turns spent in this place.
 F = Non-inter-level travel turns spent in this place divided by the number of levels of this place that you've seen.
                   A       B       C       D       E      F
               +-------+-------+-------+-------+-------+----------------------
         Total | 100.0 | 100.0 |   0.0 |   0.0 |   0.0 | 161.0
         Abyss | 100.0 | 100.0 |   0.0 |   0.0 |   0.0 | 161.0
               +-------+-------+-------+-------+-------+----------------------

Vault maps used:
Abyss:1:  lemuel_flamethrower_3
